 Dungeon Crawl Stone Soup version 0.26-a0-43-g20b394c (webtiles) character file.

Game seed: 7141195292391297766

7 science1 the Conjurer (level 1, -8/7 HPs)
             Began as a Felid Conjurer on June 2, 2020.
             Mangled by a gnoll
             ... wielding a +0 spear
              (9 damage)
             ... on level 1 of the Dungeon.
             The game lasted 00:08:36 (472 turns).

science1 the Conjurer (Felid Conjurer)               Turns: 472, Time: 00:08:36

Health: -8/7       AC:  1    Str:  4    XL:     1   Next: 83%
Magic:  0/4        EV: 18    Int: 16    God:
Gold:   30         SH:  0    Dex: 16    Spells: 3/4 levels left
                                        Lives:  0   Deaths: 0

rFire    . . .     SeeInvis +   (weapon unavailable)
rCold    . . .     Gourm    .   (shield unavailable)
rNeg     . . .     Faith    .   (armour unavailable)
rPois    .         Spirit   .   (helmet unavailable)
rElec    .         Reflect  .   (cloak unavailable)
rCorr    .         Harm     .   (gloves unavailable)
MR       .....                  (boots unavailable)
Stlth    +++.......             (no amulet)
HPRegen  0.02/turn              (no ring)
MPRegen  0.09/turn              (no ring)

@: quick
A: very small, no armour, no weapons or thrown items, stealth, claws 1, fangs 3,
see invisible, carnivore, speed 1, shaggy fur 1, slow metabolism 1, sharp paws
a: no special abilities


You were on level 1 of the Dungeon.
You were very full.

You visited 1 branch of the dungeon, and saw 1 of its levels.

You collected 30 gold pieces.

Inventory:

Missiles
 e - 10 stones
Scrolls
 c - a scroll of identify {unknown}
 d - 3 scrolls of teleportation {unknown}
 g - 2 scrolls of enchant weapon {unknown}
Potions
 a - 3 potions of curing {unknown}
 f - a potion of resistance {unknown}
 i - a potion of lignification {unknown}
Comestibles
 b - 2 rations
 h - a chunk of flesh


   Skills:
 + Level 2.6 Dodging
 + Level 2.8 Stealth
 + Level 2.0 Spellcasting
 + Level 3.9 Conjurations


You had 3 spell levels left.
You knew the following spells:

 Your Spells              Type           Power        Failure   Level  Hunger
a - Magic Dart            Conj           ##..         4%          1    #......

Your spell library contained the following spells:

 Spells                   Type           Power        Failure   Level  Hunger
 Searing Ray              Conj           ##....       6%          2    ###....
 Dazzling Flash           Conj/Hex       #.....       28%         3    ###....
 Fulminant Prism          Conj/Hex       #.........   67%         4    #####..
 Iskenderun's Mystic Bla  Conj/Tloc      #.......     67%         4    #####..


Dungeon Overview and Level Annotations

Branches:
Dungeon (1/15)

Altars:
Cheibriados


Innate Abilities, Weirdness & Mutations

You cannot wear armour.
You are incapable of wielding weapons or throwing items.
Your paws allow you to move quietly. (Stealth)
You have sharp claws.
You have razor-sharp teeth.
You have supernaturally acute eyesight. (SInv)
You are carnivorous and can eat meat at any time.
You cover ground quickly.
You are covered in fur. (AC +1)
You have a slow metabolism.
Your sharp claws are effective at attacking unaware monsters.


Message History

You see here a +0 dagger.
Casting: Magic Dart (safe; 4% risk of failure)
Confirm with . or Enter, or press ? or * to list all spells.
Okay, then.
Casting: Magic Dart (safe; 4% risk of failure)
Confirm with . or Enter, or press ? or * to list all spells.
Aiming: Magic Dart (safe; 4% risk of failure)
Press: ? - help, Shift-Dir - straight line, f/p - gnoll
Aim: a gnoll, wielding a +0 spear (moderately wounded)
The magic dart hits the gnoll but does no damage.
The gnoll is moderately wounded.
The gnoll hits you from afar with a +0 spear.
Ouch! That really hurt!
* * * LOW HITPOINT WARNING * * *
The gnoll barely misses you.
You scratch the gnoll.
The gnoll is moderately wounded.
The gnoll hits you with a +0 spear!
Ouch! That really hurt!
You die...

### ### #..
#############.#######.#
#.....@g.)............#
#.###########.#######.#
#.#### #.#........
#....# #.#######.#
####.# #.......... #.#
#.......... #.#
#g#######.# #.# #.#
##.. #.# #.# ###...


You could see a gnoll.

Vanquished Creatures
  2 bats (D:1)
  A goblin (D:1)
  A hobgoblin (D:1)
  A kobold (D:1)
  2 rats (D:1)
7 creatures vanquished.

Notes
Turn   | Place    | Note
-------+----------+-------------------------------------------
     0 | D:1      | science1 the Felid Conjurer began the quest for the Orb.
     0 | D:1      | Reached XP level 1. HP: 7/7 MP: 4/4
    86 | D:1      | Found a snail-covered altar of Cheibriados.
   472 | D:1      | Mangled by a gnoll

Illustrated notes

Levels and vault maps discovered:
D:1:      dpeg_arrival_arbitrary_a, layout_basic, cheibriados_altar_1

Action                   || total
-------------------------++-------
Melee: Unarmed           ||    17
       Bite              ||     2
 Cast: Magic Dart        ||    12
  Eat: Chunk             ||     6
Armor: Skin              ||     1
Dodge: Dodged            ||    11

Table legend:
 A = Non-vault XP
 B = Vault XP
 C = Vault XP percentage of total XP
 D = Non-vault monster count
 E = Vault monster count
 F = Vault count percentage of total count
                 A         B        C        D         E       F
            +---------+---------+-------+---------+---------+-------
      Total |      10 |       0 |   0.0 |       7 |       0 |   0.0
            +---------+---------+-------+---------+---------+-------
        D:1 |      10 |       0 |   0.0 |       7 |       0 |   0.0
            +---------+---------+-------+---------+---------+-------
